 Dungeon Crawl Stone Soup version 0.25.0-1-g7eea58d (webtiles) character file.

Game seed: 2765309705072579608

131 rhysdieslots the Chiller (level 5, -5/52 HPs)
             Began as a Merfolk Ice Elementalist on June 15, 2020.
             Killed by nerve-wracking pain
             ... invoked by Grinder
              (7 damage)
             ... on level 3 of the Dungeon.
             The game lasted 00:07:22 (2177 turns).

rhysdieslots the Chiller (Merfolk Ice Elementalist) Turns: 2177, Time: 00:07:23

Health: -5/52      AC:  2    Str:  8    XL:     5   Next: 14%
Magic:  7/9        EV: 13    Int: 15    God:
Gold:   128        SH:  0    Dex: 15    Spells: 1/9 levels left

rFire    x . .     SeeInvis .   b - +0 short sword
rCold    + . .     Gourm    .   (no shield)
rNeg     . . .     Faith    .   a - +0 robe
rPois    .         Spirit   .   (no helmet)
rElec    .         Reflect  .   (no cloak)
rCorr    .         Harm     .   (no gloves)
MR       .....                  (no boots)
Stlth    ..........             (no amulet)
HPRegen  0.17/turn              e - ring of ice
MPRegen  0.11/turn              (no ring)

@: berserking, very quick
A: change form in water, swift swim, stealthy swim
a: no special abilities


You were on level 3 of the Dungeon.
You were hungry.

You visited 1 branch of the dungeon, and saw 3 of its levels.

You collected 128 gold pieces.

Inventory:

Hand Weapons
 b - a +0 short sword (weapon)
Missiles
 h - 22 stones (quivered)
Armour
 a - a +0 robe (worn)
Jewellery
 e - a ring of ice (left hand)
Scrolls
 f - 3 scrolls of identify
 l - 2 scrolls of teleportation {unknown}
 m - a scroll of fog {unknown}
 o - a scroll of enchant armour {unknown}
Potions
 g - 2 potions of invisibility {unknown}
 j - 3 potions of degeneration {unknown}
 k - a potion of flight {unknown}
Comestibles
 c - 6 rations
 i - a chunk of flesh


   Skills:
 - Level 2.6 Dodging
 + Level 3.6 Stealth
 + Level 2.8 Spellcasting
 * Level 5.8 Ice Magic


You had one spell level left.
You knew the following spells:

 Your Spells              Type           Power        Failure   Level  Hunger
a - Freeze                Ice            ####         1%          1    #......
b - Frozen Ramparts       Ice            ####..       5%          3    ###....
c - Summon Ice Beast      Ice/Summ       ###.....     52%         4    #####..

Your spell library contained the following spells:

 Spells                   Type           Power        Failure   Level  Hunger
 Ozocubu's Armour         Chrm/Ice       ###.....     19%         3    ###....
 Hailstorm                Conj/Ice       ###.....     52%         4    #####..


Dungeon Overview and Level Annotations

Branches:
Dungeon (3/15)

Altars:

Annotations:
D:3 Grinder


Message History

Grinder barely misses you.
You puncture Grinder!
Grinder is lightly wounded.
Grinder hits you!
* * * LOW HITPOINT WARNING * * *
You writhe in agony.
* * * LOW HITPOINT WARNING * * *
You hit Grinder.
Grinder is moderately wounded.
Grinder hits you.
* * * LOW HITPOINT WARNING * * *
You writhe in agony.
* * * LOW HITPOINT WARNING * * *
You puncture Grinder!
Grinder is heavily wounded.
You puncture Grinder!
Grinder is severely wounded.
Grinder gestures at you. Pain shoots through your body!
You die...

#....<...#
#.#.....## #
#.##...## #.
#.######
#####.###.##
....5......#
.......<..#
.####.###5#
# #@## ###


You could see Grinder.

Vanquished Creatures
  3 adders (D:2)
  7 gnolls (D:2)
  A dart slug (D:1)
  2 leopard geckos (D:2)
  3 bats
  A giant cockroach (D:1)
  4 goblins
  6 hobgoblins
  4 jackals (D:2)
  2 frilled lizards (D:2)
  A kobold (D:1)
  3 rats
37 creatures vanquished.

Notes
Turn   | Place    | Note
-------+----------+-------------------------------------------
     0 | D:1      | rhysdieslots the Merfolk Ice Elementalist began the quest
                  | for the Orb.
     0 | D:1      | Reached XP level 1. HP: 13/13 MP: 3/3
   181 | D:1      | Reached XP level 2. HP: 7/19 MP: 1/5
   911 | D:2      | Reached XP level 3. HP: 24/24 MP: 2/6
   916 | D:2      | Learned a level 3 spell: Frozen Ramparts
   960 | D:2      | Reached skill level 5 in Ice Magic
  1314 | D:2      | Reached XP level 4. HP: 25/30 MP: 0/7
  1458 | D:2      | Reached XP level 5. HP: 18/35 MP: 3/9
  1470 | D:2      | Learned a level 4 spell: Summon Ice Beast
  2111 | D:3      | Noticed Grinder
  2167 | D:3      | Paralysed by Grinder for 6 turns
  2175 | D:3      | HP: 2/52 [Grinder (3)]
  2177 | D:3      | Killed from afar by Grinder

Illustrated notes

Levels and vault maps discovered:
D:1:      tarquinn_simple_flora_water_a, layout_loops_ring, minmay_tetromino_o2
D:2:      layout_rooms, first_ration, minmay_ruptured
D:3:      layout_loops_ring, chequers_temple_overflow_minitemple,
          kennysheep_generic_room_9, uniq_grinder, uniq_natasha,
          uniq_crazy_yiuf_cottage

Skill      XL: |  1  2  3 |
---------------+----------+-----
Ice Magic      | 5 |  5.8
Stealth        | 3 |  3.6
Dodging        | |  2.6
Spellcasting   | |  2.8

Action                   |  1- 3 |  4- 6 || total
-------------------------+-------+-------++-------
Melee: Unarmed           |     9 |       ||     9
       Short sword       |    40 |    22 ||    62
 Cast: Freeze            |    12 |     5 ||    17
       Frozen Ramparts   |     2 |     3 ||     5
  Use: Scroll            |       |     2 ||     2
       Potion            |       |     1 ||     1
 Stab: Sleeping          |     2 |     1 ||     3
  Eat: Chunk             |     2 |     2 ||     4
Armor: Robe              |     6 |     4 ||    10
Dodge: Dodged            |    51 |    13 ||    64
